 Dungeon Crawl Stone Soup version 0.25-a0-517-gf8b3a32422 (webtiles) character file.

Game seed: 9406525970462586554, levelgen mode: deterministic

520 drasked the Conjurer (level 7, -5/36 HPs)
             Began as a Deep Elf Fire Elementalist on Feb 18, 2020.
             Slain by an orc
             ... wielding a +0 flail
              (9 damage)
             ... on level 4 of the Dungeon.
             The game lasted 00:10:43 (4429 turns).

drasked the Conjurer (Deep Elf Fire Elementalist)   Turns: 4429, Time: 00:10:44

Health: -5/36      AC:  3    Str:  5    XL:     7   Next: 1%
Magic:  11/13      EV: 13    Int: 27    God:
Gold:   120        SH:  0    Dex: 15    Spells: 11/12 levels left

rFire    . . .     SeeInvis .   f - +0 dagger
rCold    . . .     Gourm    .   (no shield)
rNeg     . . .     Faith    .   a - +0 robe
rPois    .         Spirit   .   d - +0 helmet
rElec    .         Reflect  .   (no cloak)
rCorr    .         Harm     .   (no gloves)
MR       .....                  (no boots)
Stlth    ++........             (no amulet)
HPRegen  0.12/turn              (no ring)
MPRegen  0.13/turn              (no ring)

@: brilliant, berserk cooldown, flying, very slightly contaminated, slowed,
invisible, very slow
A: no striking features
a: no special abilities


You were on level 4 of the Dungeon.
You were not hungry.

You visited 1 branch of the dungeon, and saw 4 of its levels.

You collected 120 gold pieces.

Inventory:

Hand Weapons
 f - a +0 dagger (weapon)
   (You took it off a kobold on level 1 of the Dungeon)
Armour
 a - a +0 robe (worn)
 d - a +0 helmet (worn)
   (You took it off Robin on level 2 of the Dungeon)
Scrolls
 g - 2 scrolls of teleportation {unknown}
 h - a scroll of magic mapping {unknown}
 j - a scroll of fog {unknown}
 l - a scroll of enchant armour {unknown}
 m - a scroll of fear {unknown}
 o - a scroll of identify {unknown}
 p - a scroll of amnesia {unknown}
Potions
 c - a potion of might {unknown}
 i - a potion of brilliance
Comestibles
 e - 8 rations
 q - a chunk of flesh {@w0}


   Skills:
 - Level 2.4 Dodging
 - Level 2.4 Stealth
 - Level 3.0 Spellcasting
 * Level 6.6 Conjurations
 + Level 5.7 Fire Magic


You had 11 spell levels left.
You knew the following spells:

 Your Spells              Type           Power        Failure   Level  Hunger
a - Foxfire               Conj/Fire      ####         1%          1    None

Your spell library contained the following spells:

 Spells                   Type           Power        Failure   Level  Hunger
 Conjure Flame            Conj/Fire      ######..     1%          3    ###....
 Inner Flame              Hex/Fire       #####...     1%          3    ###....
 Sticky Flame             Conj/Fire      ######..     1%          4    ####...
 Fireball                 Conj/Fire      ######....   2%          5    ######.


Dungeon Overview and Level Annotations

Branches:
Dungeon (4/15)
 Temple: D:4-7

Altars:
Kikubaaqudgha


Message History

The foxfire hits the orc but does no damage. x2
You conjure some foxfire!
The foxfire hits the orc.
You kill the orc!
You conjure some foxfire!
The foxfire hits the orc. x2
You kill the orc!
You start resting.
You butcher the orc corpse.
q - a chunk of flesh {@w0}
Items here: )) [ ÷ a +0 short sword; a +0 dagger; a +0 ring mail; an orc skeleton
Items here: )) [ ÷ a +0 short sword; a +0 dagger; a +0 ring mail; an orc skeleton You open the door.
There is an open door here.
Found a stone staircase leading down.
An orc comes into view.
You conjure some foxfire!
You conjure some foxfire!
The foxfire hits the orc.
The orc shouts!
The foxfire hits the orc but does no damage.
You conjure some foxfire!
The foxfire hits the orc.
The foxfire hits the orc but does no damage.
An orc comes into view.
It is wearing a +2 ring mail of cold resistance.
The foxfire hits the orc.
You kill the orc!
An orc wizard comes into view. It is wielding a +0 dagger.
You conjure some foxfire!
The foxfire hits the orc wizard.
An orc priest comes into view. It is wielding a +0 club.
The foxfire hits the orc wizard but does no damage.
The foxfire hits the orc wizard.
You conjure some foxfire!
The orc priest calls down the wrath of Beogh upon you.
Beogh smites you!
Ouch! That really hurt!
* * * LOW HITPOINT WARNING * * *
The foxfire hits the orc wizard but does no damage.
The foxfire hits the orc wizard.
Items here: )) [ ÷ a +0 short sword; a +0 dagger; a +0 ring mail; an orc skeleton The orc priest casts a cantrip, but nothing happens.
You conjure some foxfire!
The foxfire hits the orc wizard!
The foxfire hits the orc wizard.
The orc wizard gestures at you while chanting.
You are confused.
You're too confused to cast spells.
It was a potion of brilliance.
You feel clever all of a sudden.
The orc wizard gestures at you while chanting.
You are more confused.
It was a potion of berserk rage.
A red film seems to cover your vision as you go berserk!
You feel yourself moving faster!
You feel mighty!
You feel a strong urge to attack something.
You barely miss the orc wizard. The orc wizard closely misses you.
An orc comes into view. It is wielding a +0 flail.
The orc shouts!
You puncture the orc wizard!
You kill the orc wizard!
You have reached level 7!
The orc hits you.
* * * LOW HITPOINT WARNING * * *
You completely miss the orc priest.
The orc priest hits you but does no damage.
You barely miss the orc priest. The orc priest misses you. The orc misses you.
You closely miss the orc priest. The orc priest barely misses you.
You closely miss the orc. The orc closely misses you.
You are no longer berserk.
You are exhausted.
You feel yourself slow down. The orc priest hits you with a +0 club.
* * * LOW HITPOINT WARNING * * *
It was a potion of flight.
You feel very buoyant.
You fly up into the air.
The orc misses you. The orc priest closely misses you. The orc hits you.
* * * LOW HITPOINT WARNING * * *
It was a potion of invisibility.
You fade into invisibility!
You feel less confused. The orc closely misses you. The orc barely misses you.
The orc priest closely misses you. The orc hits you with a +0 flail.
* * * LOW HITPOINT WARNING * * *
You are very lightly contaminated with residual magic.
The orc priest misses you. The orc barely misses you.
The orc hits you with a +0 flail.
* * * LOW HITPOINT WARNING * * *
You conjure some foxfire!
The orc misses you.
The foxfire hits the orc priest.
The foxfire hits the orc priest but does no damage.
The orc priest closely misses you. The orc hits you but does no damage.
The orc priest hits you with a +0 club.
* * * LOW HITPOINT WARNING * * *
You conjure some foxfire!
The orc completely misses you. The orc priest barely misses you.
The orc hits you but does no damage.
The foxfire hits the orc priest!
The foxfire hits the orc priest.
The orc priest mumbles some strange prayers to Beogh against you.
You struggle to resist.
The orc hits you with a +0 flail!
You die...

........ ........
........
.......###########
.......#.........#
.......+.........#
.......#.........#
.......#.......§§#
.......#........@#
######'#.......oo#
.......#.........#....#
.......#.........#....
.......'.........#...#
.......#.........#...#
.......#.........#...#
.......#.....)...#...#
.......#.........#...#


You could see an orc priest and an orc.

Levels and vault maps discovered:
D:1:      elethiomel_arrival_maze, layout_basic
D:2:      layout_loops_corners, serial_undead, serial_undead_f, serial_undead_c,
          serial_undead_a, serial_undead_a, serial_undead_f, serial_undead_f,
          uniq_sigmund, uniq_robin, uniq_natasha
D:3:      layout_loops_cross, kiku_gazebo_garden_becter, serial_forest,
          infiniplex_forest_clump_cross, infiniplex_forest_side_room,
          infiniplex_forest_clump_double, infiniplex_forest_lined_room_2,
          infiniplex_forest_zigzag_1, infiniplex_forest_join,
          infiniplex_forest_lined_room_, infiniplex_forest_end_2
D:4:      layout_gridville, first_ration

Notes
Turn   | Place    | Note
-------+----------+-------------------------------------------
     0 | D:1      | drasked the Deep Elf Fire Elementalist began the quest for
                  | the Orb.
     0 | D:1      | Reached XP level 1. HP: 10/10 MP: 6/6
   252 | D:1      | Reached skill level 2 in Conjurations
   293 | D:1      | Identified a +0 club
   302 | D:1      | Reached XP level 2. HP: 9/15 MP: 4/8
   439 | D:1      | Identified a +0 dagger
   478 | D:1      | Identified a +0 dagger
   725 | D:1      | Identified a +0 dagger
   864 | D:1      | Reached XP level 3. HP: 19/19 MP: 7/9
  1002 | D:1      | Identified a +0 club
  1350 | D:2      | Identified a +0 short sword
  1402 | D:2      | Identified a +0 whip
  1405 | D:2      | Reached skill level 3 in Conjurations
  1540 | D:2      | Identified a +0 dagger
  1545 | D:2      | Identified a +0 club
  1548 | D:2      | Identified a +0 mace
  1548 | D:2      | Identified a +0 animal skin
  1548 | D:2      | Identified a +0 helmet
  1548 | D:2      | Noticed Robin
  1571 | D:2      | Killed Robin
  1571 | D:2      | Reached skill level 4 in Fire Magic
  1573 | D:2      | Identified a +0 club
  1835 | D:2      | Identified a +0 whip
  1967 | D:2      | Reached XP level 4. HP: 24/24 MP: 8/10
  1999 | D:2      | Noticed Natasha
  2006 | D:2      | Killed Natasha
  2051 | D:2      | Identified a cursed -2 club
  2064 | D:2      | Reached skill level 4 in Conjurations
  2236 | D:2      | Identified a +0 scythe
  2236 | D:2      | Identified a +0 robe
  2236 | D:2      | Noticed Sigmund
  2684 | D:2      | Noticed Natasha
  2692 | D:2      | Killed Natasha
  2692 | D:2      | Reached XP level 5. HP: 14/28 MP: 7/11
  2961 | D:2      | Noticed Natasha
  2970 | D:2      | Killed Natasha
  3018 | D:2      | Killed Sigmund
  3018 | D:2      | Reached skill level 5 in Conjurations
  3018 | D:2      | Reached skill level 5 in Fire Magic
  3018 | D:2      | Reached XP level 6. HP: 30/32 MP: 7/12
  3219 | D:3      | Found an ancient bone altar of Kikubaaqudgha.
  3267 | D:3      | Reached skill level 6 in Conjurations
  3267 | D:3      | Identified a +0 club
  3642 | D:3      | Identified a +0 club
  4315 | D:4      | Identified a +0 dagger
  4315 | D:4      | Identified a +0 ring mail
  4317 | D:4      | Identified a +0 short sword
  4371 | D:4      | Identified a +0 leather armour
  4376 | D:4      | Identified a +2 ring mail of cold resistance
  4378 | D:4      | Identified a +0 dagger
  4378 | D:4      | Identified a +0 robe
  4378 | D:4      | Identified a +0 club
  4405 | D:4      | Identified 2 potions of brilliance
  4406 | D:4      | Identified a potion of berserk rage
  4408 | D:4      | Identified a +0 flail
  4408 | D:4      | Identified a +0 leather armour
  4409 | D:4      | Reached XP level 7. HP: 31/36 MP: 10/13
  4418 | D:4      | Identified a potion of flight
  4419 | D:4      | Identified a potion of invisibility
  4419 | D:4      | HP: 9/36 [orc/+0 flail (5)]
  4424 | D:4      | HP: 4/36 [orc/+0 flail (6)]
  4429 | D:4      | Slain by an orc

Table legend:
 A = Turns spent in this place as a percentage of turns spent in the entire game.
 B = Non-inter-level travel turns spent in this place as a percentage of non-inter-level travel turns spent in the entire game.
 C = Inter-level travel turns spent in this place as a percentage of turns spent in this place.
 D = Turns resting spent in this place as a percentage of non-inter-level travel turns spent in this place.
 E = Turns spent auto-exploring this place as a percentage of non-inter-level travel turns spent in this place.
 F = Non-inter-level travel turns spent in this place divided by the number of levels of this place that you've seen.
                   A       B       C       D       E      F
               +-------+-------+-------+-------+-------+----------------------
         Total | 100.0 | 100.0 |   1.2 |  33.1 |  49.9 | 1093.5
       Dungeon | 100.0 | 100.0 |   1.2 |  33.1 |  49.9 | 1093.5
               +-------+-------+-------+-------+-------+----------------------

Table legend:
 A = Kills in this place as a percentage of kills in entire the game.
 B = Kills by you in this place as a percentage of kills by you in the entire game.
 C = Kills by friends in this place as a percentage of kills by friends in the entire game.
 D = Other kills in this place as a percentage of other kills in the entire game.
 E = Experience gained in this place as a percentage of experience gained in the entire game.
 F = Experience gained in this place divided by the number of levels of this place that you have seen.
                   A       B       C       D       E      F
               +-------+-------+-------+-------+-------+----------------------
         Total | 100.0 | 100.0 |   N/A |   N/A | 100.0 | 186.0
       Dungeon | 100.0 | 100.0 |   N/A |   N/A | 100.0 | 186.0
               +-------+-------+-------+-------+-------+----------------------

Skill      XL: |  1  2  3  4  5  6 |
---------------+-------------------+-----
Conjurations   | 2 3 4 5 6 |  6.6
Fire Magic     | 4 5 |  5.7
Dodging        | |  2.4
Stealth        | |  2.4
Spellcasting   | |  3.0

Action                   |  1- 3 |  4- 6 |  7- 9 || total
-------------------------+-------+-------+-------++-------
Melee: Dagger            |       |    22 |     4 ||    26
 Cast: Foxfire           |    79 |    96 |     2 ||   177
  Use: Potion            |       |     2 |     2 ||     4
  Eat: Chunk             |     2 |     8 |       ||    10
Armor: Robe              |     4 |     5 |     1 ||    10
Dodge: Dodged            |    26 |    30 |    15 ||    71

Vanquished Creatures
  Sigmund (D:2)
  A hound (D:3)
  An iguana (D:4)
  An orc wizard (D:4)
  Natasha (thrice) (D:2)
  2 worker ants (D:4)
  A hound skeleton (D:2)
  Robin (D:2)
  5 adders
  An adder zombie (D:2)
  2 worms (D:3)
  A dart slug (D:1)
  5 leopard geckos
  4 orcs (D:4)
  3 ball pythons
  4 giant cockroaches
  12 goblins
  6 hobgoblins
  10 kobolds
  3 quokkas (D:2)
  A ball python zombie (D:2)
  10 bats
  2 frilled lizards
  A giant cockroach zombie (D:2)
  A quokka zombie (D:2)
  6 rats
88 creatures vanquished.

Vanquished Creatures (others)
  265 foxfires
265 creatures vanquished.

Grand Total: 353 creatures vanquished
